Map: Ultralove

Players

Nerzull

  • Race: Protoss Protoss
  • League: Master
  • Spawn Location: 1:00

ManlyManMeat - Winner!

  • Race: Terran Terran
  • League: Master
  • Spawn Location: 7:00

VOD

Have the link to the VOD?

Description

Time

  • Played on: May 17, 2025, 12:46 p.m.
  • Length: 7:19
Show
View Real Time Build Order
Export as new Build Order

Nerzull Protoss 

Build Orders:  

Get SALT Encoding   

  12  0:14  Probe  
  12  0:15  Pylon  
  13  0:27  Probe  
  14  0:35  Gateway  
  14  0:39  Probe  
  15  0:48  Assimilator  
  15  0:51  Probe  
  16  1:02  Assimilator  
  16  1:03  Probe  
  17  1:15  Probe  
  18  1:25  Cybernetics Core  
  18  1:27  Probe  
  19  1:39  Probe  
  20  1:51  Probe, Stalker  
  21  1:59  Pylon  
  21  2:01  Warp Gate  
  23  2:17  Probe  
  24  2:30  Probe  
  24  2:35  Nexus  
  25  2:45  Stargate  
  25  3:08  Pylon  
  25  3:11  Robotics Facility  
  29  3:34  Void Ray  
  29  3:36  Fleet Beacon  
  29  3:48  Probe  
  30  3:56  Probe  
  30  4:00  Probe  
  30  4:01  Observer  
  33  4:08  Probe  
  34  4:12  Probe  
  39  4:20  Probe  
  36  4:27  Assimilator  
  36  4:28  Assimilator  
  36  4:38  Stalker  
  38  4:44  Immortal  
  40  4:47  Void Ray  
  44  5:08  Pylon  
  44  5:20  Stalker  
  19  5:47  Stalker  
  21  5:55  Probe  
  22  6:07  Probe  
  23  6:14  Gateway  
  23  6:16  Pylon  
  23  6:17  Stalker  
  25  6:19  Probe  
  32  6:31  Probe  
  33  6:38  Shield Battery  
  33  6:43  Probe  
  34  6:48  Stalker  
Show
View Real Time Build Order
Export as new Build Order

ManlyManMeat Terran - Winner!

Build Orders:  

Get SALT Encoding   

  12  0:00  SCV  
  13  0:12  SCV  
  14  0:17  Supply Depot  
  14  0:24  SCV  
  15  0:39  SCV  
  15  0:40  Barracks  
  16  0:47  Refinery  
  16  0:51  SCV  
  17  1:03  SCV  
  18  1:15  SCV  
  19  1:30  Command Center  
  19  1:40  Orbital Command  
  19  1:41  Barracks Reactor  
  19  1:51  Barracks  
  19  2:04  Barracks  
  19  2:08  SCV  
  20  2:16  Supply Depot  
  20  2:18  Marine  
  20  2:22  Marine  
  22  2:27  SCV  
  23  2:32  Engineering Bay  
  23  2:38  Marine  
  23  2:40  SCV  
  23  2:44  Marine  
  25  2:46  Barracks Tech Lab  
  27  2:54  Orbital Command  
  27  2:58  SCV  
  27  3:01  Marine  
  27  3:02  Barracks Tech Lab  
  28  3:06  Terran Infantry Weapons Level 1  
  28  3:10  Marine  
  30  3:14  Marauder  
  31  3:20  Refinery  
  31  3:23  Stimpack  
  31  3:26  SCV  
  32  3:29  SCV  
  32  3:30  Marine  
  32  3:32  Marine  
  35  3:36  Marauder  
  37  3:47  Marauder  
  39  3:48  Marine  
  39  3:49  Marine  
  39  3:53  SCV x2  
  43  3:58  Combat Shield  
  43  4:02  Marine  
  44  4:05  SCV  
  44  4:07  SCV  
  46  4:12  Refinery x2  
  46  4:19  Factory  
  46  4:27  Supply Depot  
  46  4:29  Marine x2  
  46  4:30  SCV x2  
  50  4:33  Supply Depot  
  52  4:46  Marauder x2  
  52  4:48  Marine x2  
  56  5:02  Factory Tech Lab  
  56  5:06  Marine, Terran Infantry Armor Level 1  
  57  5:09  Supply Depot  
  57  5:13  Supply Depot, Marauder  
  53  5:36  Marine x2  
  53  5:37  Marauder  
  53  5:41  Armory  
  53  5:45  SCV  
  53  5:46  SCV  
  55  5:53  Siege Tank  
  56  5:58  SCV x2  
  56  6:00  Starport  
  56  6:03  Marine x2  
  60  6:10  SCV x2  
  62  6:14  Concussive Shells  
  62  6:23  Marine  
  62  6:24  Marauder, Marine  
  62  6:25  Marauder  
  67  6:54  Marine x2  
  66  6:55  Marauder  
  66  6:56  Marauder  
Tags
 
Matchup
PvT
Spawn Locations
Cross Positions
Add a new tag
Caveats
  • Supply blocks, unpowered buildings, or Contaminate may cause inaccurate times.
  • Supply counts are checked every 10 seconds.